 Dungeon Crawl Stone Soup version 0.21.0-37-g46506fa (webtiles) character file.

74 Mimshu the Grave Robber (level 4, 0/30 HPs)
             Began as a Human Necromancer on Jan 30, 2018.
             Slain by Robin
             ... wielding a +0 spear
              (2 damage)
             ... on level 3 of the Dungeon.
             The game lasted 00:06:27 (2733 turns).

Mimshu the Grave Robber (Human Necromancer)         Turns: 2733, Time: 00:06:28

Health: 0/30       AC:  4    Str:  9    XL:     4   Next: 52%
Magic:  2/8        EV: 12    Int: 16    God:
Gold:   143        SH:  0    Dex: 13    Spells: 7/9 levels left

rFire    . . .     SeeInvis .   n - +1 dagger (venom)
rCold    . . .     Gourm    .   (no shield)
rNeg     . . .     Faith    .   a - +0 robe
rPois    .         Spirit   .   (no helmet)
rElec    .         Reflect  .   (no cloak)
rCorr    .         Harm     .   (no gloves)
MR       .....                  h - +1 pair of boots
Stlth    ++........             (no amulet)
HPRegen  0.10/turn              (no ring)
MPRegen  0.11/turn              (no ring)

@: very slightly contaminated
A: no striking features
a: no special abilities


You were on level 3 of the Dungeon.
You were not hungry.

You visited 1 branch of the dungeon, and saw 3 of its levels.

You collected 143 gold pieces.

Inventory:

Hand Weapons
 n - a +1 dagger of venom (weapon)
Missiles
 o - 24 poisoned needles
Armour
 a - a +0 robe (worn)
 h - a +1 pair of boots (worn)
Jewellery
 i - an uncursed ring of flight {unknown}
Scrolls
 d - a scroll of teleportation {unknown}
 l - a scroll of magic mapping {unknown}
 m - 6 scrolls of identify
 p - a scroll of immolation {unknown}
Potions
 e - a potion of magic {unknown}
 f - a potion of curing {unknown}
 g - 3 potions of agility {unknown}
 j - a potion of haste {unknown}
 k - a potion of degeneration {unknown}
Books
 b - a book of Necromancy

   Spells                             Type                      Level
   a - Pain                           Necromancy                   1
   b - Animate Skeleton               Necromancy                   1
   c - Vampiric Draining              Necromancy                   3
   d - Regeneration                   Charms/Necromancy            3
   e - Animate Dead                   Necromancy                   4
   f - Borgnjor's Vile Clutch         Necromancy/Earth             5
Comestibles
 c - a ration


   Skills:
 + Level 2.2 Dodging
 + Level 2.1 Stealth
 + Level 0.1 Unarmed Combat
 + Level 3.0 Spellcasting
 + Level 4.8 Necromancy


You had 7 spell levels left.
You knew the following spells:

 Your Spells              Type           Power        Failure   Level  Hunger
a - Pain                  Necr           ###.         2%          1    #......
b - Animate Skeleton      Necr           N/A          2%          1    #......


Dungeon Overview and Level Annotations

Branches:
Dungeon (3/15)

Altars:
Cheibriados
Kikubaaqudgha
Xom
Zin

Annotations:
D:3 Robin


Message History

You kill the goblin!
The goblin shoots a stone.
The stone hits you.
* * * LOW HITPOINT WARNING * * *
Robin roars a battlecry!
The goblin goes into a battle-frenzy!
The goblin unwields an uncursed hunting sling.
The goblin wields an uncursed club.
The goblin hits you but does no damage.
Robin says, "Bow before me, strongest of all the hobgoblins!"
Robin hits you but does no damage.
Things that are here:
a dagger x2
There is nothing here that can be animated!
Robin misses you.
The goblin unwields an uncursed club.
The goblin wields an uncursed hunting sling.
The goblin shoots a stone.
The stone hits you.
* * * LOW HITPOINT WARNING * * *
You see here 3 stones.
Aim: Robin, wielding a spear, wearing an animal skin and wearing a helmet (chance to defeat MR: 82%) Robin writhes in agony!
Robin hits you from afar with a spear.
You die... ..... .... ...# ...# )..# cg.

#########g#
#.####......@)g#
#........#######
######.#<# #.#.#
#.#.# #.#.#
#.#.# #.#.#
#.#..


You could see Robin, a hobgoblin and a goblin.

Vanquished Creatures
  A gnoll (D:1)
  3 adders (D:2)
  A dart slug (D:2)
  A ball python (D:1)
  2 giant cockroaches (D:2)
  11 goblins
  5 hobgoblins (D:1)
  5 kobolds
  2 frilled lizards (D:1)
  6 rats
37 creatures vanquished.

Vanquished Creatures (collateral kills)
  A giant cockroach (D:2)
1 creature vanquished.

Grand Total: 38 creatures vanquished

Notes
Turn   | Place    | Note
-------+----------+-------------------------------------------
     0 | D:1      | Mimshu the Human Necromancer began the quest for the Orb.
     0 | D:1      | Reached XP level 1. HP: 13/13 MP: 3/3
   359 | D:1      | Reached XP level 2. HP: 16/19 MP: 0/5
  1019 | D:1      | Learned a level 1 spell: Animate Skeleton
  1315 | D:1      | Reached XP level 3. HP: 3/24 MP: 0/6
  2107 | D:2      | Reached XP level 4. HP: 27/30 MP: 6/8
  2188 | D:2      | Found a shimmering altar of Xom.
  2190 | D:2      | Found a hazy altar of Hepliaklqana.
  2190 | D:2      | Found an ancient bone altar of Kikubaaqudgha.
  2192 | D:2      | Found a deep blue altar of Sif Muna.
  2192 | D:2      | Found a glowing silver altar of Zin.
  2192 | D:2      | Found a snail-covered altar of Cheibriados.
  2712 | D:3      | Noticed Robin
  2716 | D:3      | Noticed a centaur
  2733 | D:3      | Slain by Robin

Skill      XL: |  1  2  3  4 |
---------------+-------------+-----
Spellcasting   | 3 |  3.0
Dodging        | |  2.2
Stealth        | |  2.1
Unarmed Combat | |  0.1
Necromancy     | |  4.8

Action                   |  1- 3 |  4- 6 || total
-------------------------+-------+-------++-------
Melee: Unarmed           |    16 |       ||    16
       Dagger            |     3 |    18 ||    21
 Cast: Pain              |    42 |    11 ||    53
       Animate Skeleton  |     1 |     2 ||     3
  Use: Scroll            |     1 |       ||     1
  Eat: Chunk             |     1 |     1 ||     2
       Ration            |     1 |     1 ||     2
Armor: Robe              |     7 |     6 ||    13
Dodge: Dodged            |    16 |    16 ||    32
